Map: Ascension to Aiur LE

Players

Starbuck

  • Race: Zerg Zerg
  • League: Grandmaster
  • Spawn Location: 11:00

NightEnD - Winner!

  • Race: Protoss Protoss
  • League: Grandmaster
  • Spawn Location: 5:00

Event: WESG Barcelona European Finals 2017

VOD

Have the link to the VOD?

Description

Time

  • Played on: Nov. 24, 2017, 6:07 a.m.
  • Length: 14:49

All games in this series

Show
View Real Time Build Order
Export as new Build Order

Starbuck Zerg 

Build Orders: Hatch First, Lurkers 

Get SALT Encoding   

  12  0:00  Drone  
  13  0:12  Overlord  
  13  0:17  Drone  
  14  0:30  Drone x2  
  14  0:34  Drone  
  17  0:51  Hatchery  
  17  0:54  Drone  
  17  0:58  Drone  
  18  1:08  Extractor  
  17  1:12  Spawning Pool  
  17  1:16  Drone  
  17  1:19  Drone  
  18  1:28  Drone  
  19  1:38  Overlord  
  19  1:49  Drone  
  20  1:59  Queen  
  20  2:00  Zergling x2  
  23  2:02  Queen  
  23  2:03  Zergling x2  
  23  2:08  Metabolic Boost  
  26  2:11  Drone  
  26  2:13  Drone  
  28  2:21  Drone  
  29  2:26  Drone  
  30  2:36  Drone  
  31  2:40  Hatchery  
  31  2:44  Queen  
  30  2:48  Drone  
  33  2:51  Overlord  
  33  2:53  Drone  
  33  2:56  Drone  
  33  2:58  Drone  
  36  3:09  Drone  
  36  3:10  Drone x4  
  41  3:19  Queen, Overlord  
  41  3:25  Spore Crawler  
  41  3:26  Spore Crawler  
  41  3:27  Drone  
  41  3:32  Zergling x4  
  44  3:38  Drone  
  44  3:39  Drone  
  44  3:40  Drone x2  
  48  3:45  Overlord  
  48  3:46  Drone x2  
  48  3:47  Drone  
  51  3:56  Overlord x2  
  51  4:02  Baneling Nest, Extractor  
  49  4:03  Drone  
  49  4:05  Spore Crawler  
  49  4:06  Drone x2  
  51  4:10  Overlord  
  51  4:16  Drone x2, Evolution Chamber  
  52  4:24  Drone x2  
  52  4:26  Drone  
  52  4:27  Lair  
  52  4:28  Drone  
  52  4:30  Zergling x2  
  57  4:31  Zergling x2  
  57  4:33  Drone  
  57  4:34  Drone  
  57  4:36  Drone  
  61  4:38  Drone  
  61  4:40  Drone  
  61  4:44  Drone  
  64  4:49  Drone x2  
  64  4:50  Overlord  
  64  4:51  Zerg Missile Weapons Level 1  
  65  4:53  Extractor  
  65  4:57  Drone x4  
  65  4:58  Drone  
  69  5:01  Extractor  
  69  5:02  Drone x2  
  69  5:05  Overlord  
  70  5:17  Drone x3  
  70  5:18  Drone  
  73  5:21  Overlord  
  73  5:22  Drone x3, Extractor  
  73  5:25  Centrifical Hooks, Drone  
  73  5:26  Hydralisk Den  
  73  5:28  Queen  
  77  5:35  Drone  
  78  5:36  Drone x3, Extractor  
  80  5:43  Overlord  
  80  5:45  Pneumatized Carapace  
  80  5:46  Hatchery  
  80  5:48  Zergling x10  
  84  5:53  Overlord  
  84  5:55  Muscular Augments  
  84  5:56  Hydralisk  
  83  5:58  Hydralisk  
  83  6:00  Hydralisk  
  83  6:03  Hydralisk  
  91  6:06  Hydralisk  
  91  6:08  Overlord  
  93  6:13  Hydralisk  
  93  6:16  Drone  
  93  6:17  Drone, Infestation Pit  
  96  6:26  Hydralisk  
  96  6:27  Hydralisk  
  96  6:28  Overlord  
  96  6:30  Drone x5  
  105  6:38  Overlord  
  105  6:39  Drone  
  105  6:40  Overlord  
  105  6:42  Overlord  
  105  6:46  Drone  
  106  6:47  Zerg Missile Weapons Level 2  
  106  6:48  Drone x3  
  106  6:49  Drone x2  
  106  6:50  Drone  
  112  6:56  Overlord x2  
  112  6:57  Drone, Extractor  
  112  7:00  Drone  
  113  7:01  Hive  
  113  7:02  Lurker Den  
  113  7:06  Hydralisk x2  
  113  7:07  Hydralisk  
  113  7:08  Hydralisk  
  118  7:12  Drone x3  
  118  7:14  Extractor  
  118  7:15  Hydralisk x2  
  124  7:19  Zergling x6  
  124  7:21  Zergling x2  
  124  7:22  Hydralisk  
  132  7:25  Hydralisk x2  
  132  7:26  Zergling x2  
  137  7:31  Overlord  
  137  7:32  Overlord  
  137  7:34  Drone x3  
  140  7:48  Overlord  
  140  7:51  Hydralisk, Drone x2  
  140  7:52  Hydralisk, Zergling x2, Spire  
  140  7:53  Zergling x20  
  140  7:56  Baneling  
  140  7:57  Baneling x3  
  153  8:05  Drone  
  153  8:06  Evolution Chamber  
  153  8:07  Drone  
  153  8:19  Hatchery  
  152  8:23  Overlord  
  152  8:31  Adaptive Talons, Lurker x3  
  152  8:32  Lurker  
  152  8:33  Zerg Ground Armor Level 1  
  156  8:34  Hydralisk x4  
  156  8:36  Overlord  
  156  8:37  Zergling x16  
  174  8:41  Lurker x4  
  174  8:46  Spine Crawler x2  
  174  8:52  Zergling x10  
  174  8:53  Zergling x2, Overlord  
  180  8:56  Baneling x5  
  180  8:57  Hydralisk x4  
  180  9:00  Overlord  
  188  9:08  Greater Spire  
  188  9:09  Zerg Melee Weapons Level 1  
  188  9:20  Overseer  
  188  9:22  Drone x2  
  190  9:25  Extractor, Lurker x2  
  190  9:26  Lurker  
  190  9:28  Spine Crawler  
  190  9:30  Spine Crawler x2  
  190  9:31  Drone, Extractor  
  187  9:32  Drone x2, Spore Crawler  
  187  9:33  Spine Crawler  
  187  9:34  Spine Crawler  
  187  9:35  Spine Crawler x2  
  180  9:42  Corruptor x4  
  175  10:04  Lurker x3  
  175  10:05  Lurker  
  175  10:14  Hydralisk x6  
  175  10:15  Zergling x2  
  175  10:16  Zergling x6  
  180  10:31  Corruptor  
  180  10:32  Corruptor x2  
  180  10:34  Hydralisk x2  
  183  10:37  Zergling x20  
  183  10:40  Hydralisk  
  183  10:41  Hydralisk  
  187  10:46  Hydralisk  
  183  10:50  Zergling x4  
  183  10:51  Zergling x2  
  183  10:54  Queen, Drone x3  
  186  10:58  Hydralisk  
  186  11:00  Corruptor  
  186  11:02  Hydralisk x2  
  186  11:07  Zergling x2  
  175  11:12  Hydralisk x3  
  175  11:13  Hydralisk  
  152  11:18  Hydralisk x2  
  148  11:26  Hydralisk x6  
  148  11:27  Hydralisk x2  
  148  11:28  Hydralisk x2  
  148  11:31  Zergling x12  
  148  11:32  Hydralisk x2  
  171  11:35  Baneling x4  
  175  11:42  Zergling x6  
  178  11:50  Lurker  
  178  11:51  Lurker x3  
  182  11:55  Hydralisk x2  
  182  11:56  Zergling x2  
  182  11:57  Zergling x10  
  192  12:06  Corruptor  
  192  12:07  Corruptor x2  
  196  12:12  Baneling x5  
  165  12:26  Corruptor  
  165  12:27  Corruptor x3  
  166  12:37  Corruptor x3  
  165  12:47  Corruptor x3  
  165  12:54  Hydralisk x3  
  165  12:55  Hydralisk, Zergling x2  
  165  12:56  Zergling x16  
  180  13:01  Hatchery  
  179  13:19  Lurker x2  
  181  13:22  Lurker  
  181  13:24  Drone x2  
  181  13:25  Drone x6  
  190  13:33  Lurker x2  
  192  13:34  Lurker  
  192  13:37  Lurker  
  192  13:38  Spine Crawler  
  192  13:40  Spine Crawler x2  
  191  13:42  Spine Crawler x2  
  191  13:44  Spore Crawler  
  191  13:45  Baneling x6  
  191  13:46  Baneling x4  
  191  13:47  Baneling  
  191  13:48  Baneling  
  188  13:49  Baneling  
  188  13:52  Hydralisk x2  
  188  13:53  Zergling x8  
  196  14:01  Hydralisk  
  196  14:02  Zergling x2  
  196  14:11  Lurker x3  
  199  14:22  Hydralisk x2  
  199  14:23  Hydralisk x2  
  173  14:26  Zergling x10  
Show
View Real Time Build Order
Export as new Build Order

NightEnD Protoss - Winner!

Build Orders: 1 Gate Expand, Oracle Opening, Phoenix Opening 

Get SALT Encoding   

  12  0:00  Probe  
  13  0:13  Probe  
  14  0:18  Pylon  
  14  0:25  Probe  
  15  0:37  Probe (Chrono Boost)  
  16  0:43  Gateway  
  16  0:49  Probe (Chrono Boost), Assimilator  
  17  0:52  Probe  
  19  1:04  Probe  
  19  1:16  Probe  
  20  1:25  Nexus  
  20  1:28  Probe  
  21  1:38  Cybernetics Core  
  21  1:40  Probe  
  21  1:46  Assimilator  
  22  1:52  Pylon  
  22  1:56  Probe  
  23  2:10  Probe, Zealot  
  26  2:17  Stargate  
  26  2:22  Probe (Chrono Boost)  
  27  2:27  Warp Gate  
  27  2:34  Probe (Chrono Boost)  
  28  2:37  Adept  
  28  2:40  Probe x2 (Chrono Boost)  
  32  2:48  Probe (Chrono Boost)  
  34  2:51  Probe (Chrono Boost)  
  34  2:54  Probe x2 (Chrono Boost)  
  36  3:01  Oracle (Chrono Boost)  
  36  3:02  Probe  
  36  3:03  Probe  
  41  3:09  Pylon  
  41  3:14  Probe  
  41  3:17  Gateway  
  41  3:19  Probe  
  43  3:27  Probe, Phoenix  
  44  3:31  Probe  
  47  3:34  Sentry  
  47  3:38  Pylon  
  47  3:39  Probe  
  50  3:43  Probe  
  50  3:44  Gateway  
  50  3:47  Assimilator  
  51  3:51  Probe  
  51  3:52  Assimilator  
  53  3:55  Probe (Chrono Boost)  
  53  4:04  Robotics Facility, Pylon  
  53  4:07  Probe (Chrono Boost)  
  55  4:13  Probe (Chrono Boost)  
  55  4:15  Probe x2 (Chrono Boost)  
  57  4:21  Probe, Twilight Council  
  58  4:24  Forge  
  58  4:27  Probe  
  59  4:34  Probe  
  59  4:36  Sentry, Zealot  
  64  4:39  Probe  
  65  4:46  Probe  
  65  4:51  Probe  
  67  4:54  Nexus  
  67  4:55  Pylon  
  67  4:58  Probe  
  67  4:59  Observer  
  69  5:03  Probe  
  69  5:04  Pylon  
  70  5:13  Probe, Robotics Bay  
  71  5:18  Probe  
  72  5:23  Blink  
  72  5:24  Protoss Ground Weapons Level 1  
  72  5:25  Probe  
  72  5:27  Stalker  
  75  5:31  Probe (Chrono Boost)  
  75  5:34  Pylon  
  76  5:37  Probe (Chrono Boost)  
  78  5:43  Probe (Chrono Boost)  
  78  5:45  Assimilator  
  78  5:49  Probe x2 (Chrono Boost)  
  80  5:51  Probe  
  80  5:54  Assimilator  
  80  5:55  Pylon  
  80  5:57  Probe  
  82  6:01  Extended Thermal Lance  
  82  6:06  Probe  
  82  6:10  Gateway, Colossus (Chrono Boost)  
  89  6:12  Gateway  
  89  6:13  Sentry  
  89  6:16  Gateway, Probe x2  
  93  6:34  Sentry  
  93  6:35  Stalker  
  93  6:36  Colossus (Chrono Boost)  
  93  6:37  Pylon  
  103  6:40  Pylon  
  103  6:43  Pylon  
  103  6:46  Stalker  
  105  7:00  Photon Cannon, Stalker x2  
  109  7:03  Photon Cannon  
  109  7:05  Shield Battery  
  109  7:07  Shield Battery  
  109  7:09  Photon Cannon, Colossus (Chrono Boost)  
  115  7:17  Protoss Ground Weapons Level 2 (Chrono Boost)  
  115  7:21  Stalker x4  
  123  7:23  Stalker x2  
  127  7:33  Probe x3  
  130  7:38  Pylon x2  
  130  7:39  Pylon  
  130  8:01  Nexus, Colossus (Chrono Boost)  
  130  8:04  Pylon  
  136  8:12  Stalker x6  
  148  8:23  Stargate  
  148  8:24  Stargate  
  148  8:25  Probe x3  
  151  8:27  Fleet Beacon  
  151  8:39  Pylon  
  151  8:42  Assimilator  
  151  8:46  Dark Shrine, Assimilator  
  151  8:52  Probe x2  
  151  8:53  Probe  
  154  8:59  Photon Cannon  
  154  9:00  Photon Cannon  
  154  9:02  Shield Battery  
  154  9:05  Photon Cannon  
  154  9:09  Photon Cannon  
  154  9:11  Photon Cannon  
  154  9:12  Shield Battery  
  154  9:18  Tempest x2 (Chrono Boost)  
  154  9:23  Tempest (Chrono Boost)  
  172  9:25  Observer  
  172  9:28  Protoss Ground Weapons Level 3  
  172  9:42  Robotics Facility  
  168  9:51  Charge  
  168  9:54  Stalker x6  
  180  10:21  Tempest  
  186  10:32  Tempest x2  
  188  10:42  Stalker  
  182  10:43  Stalker x3  
  182  10:44  Stalker x2  
  182  10:49  Immortal  
  185  11:00  Pylon x2  
  185  11:01  Pylon  
  185  11:04  Immortal (Chrono Boost)  
  169  11:13  Zealot x2  
  169  11:14  Zealot x3  
  161  11:24  Stalker  
  161  11:25  Stalker  
  165  11:32  Colossus (Chrono Boost)  
  171  11:34  Probe x3  
  171  11:35  Probe, Assimilator  
  175  11:46  Probe x3  
  178  11:48  Oracle  
  178  11:52  Immortal (Chrono Boost)  
  182  11:55  Photon Cannon, Pylon  
  182  11:57  Photon Cannon  
  182  11:59  Shield Battery  
  182  12:05  Zealot x5  
  196  12:11  Immortal (Chrono Boost)  
  196  12:21  Observer  
  183  12:27  Photon Cannon  
  183  12:28  Photon Cannon  
  179  12:31  Photon Cannon  
  179  12:34  Zealot x2  
  179  12:35  Zealot x3  
  182  12:42  Observer (Chrono Boost)  
  182  12:43  Observer (Chrono Boost)  
  182  12:49  Probe x2  
  184  12:54  Photon Cannon  
  184  12:56  Photon Cannon  
  184  12:58  Photon Cannon  
  184  13:00  Shield Battery, Protoss Shields Level 1 (Chrono Boost)  
  184  13:04  Warp Prism (Chrono Boost)  
  186  13:06  Gateway  
  186  13:07  Gateway  
  186  13:08  Gateway  
  186  13:09  Gateway  
  186  13:11  Gateway  
  186  13:16  Probe x4  
  186  13:18  Sentry x3  
  196  13:30  Shield Battery  
  196  13:36  Stalker x2  
  200  13:59  Templar Archives  
  200  14:24  Stalker x9  
  182  14:27  Nexus  
  182  14:29  Pylon  
  172  14:32  Pylon  
Tags
 
Add a new tag
Caveats
  • Supply blocks, unpowered buildings, or Contaminate may cause inaccurate times.
  • Supply counts are checked every 10 seconds.